 Dungeon Crawl Stone Soup version 0.30.0-29-ga12c61a403 (webtiles) character file.

Game seed: 16842898154038232822

236460 xSliceyx the Warrior (level 20, -1/147 HPs)
             Began as a Djinni Air Elementalist on June 5, 2023.
             Was the Champion of Makhleb.
             Shot with an arrow by a deep elf master archer (39 damage)
             ... on level 3 of the Elven Halls on June 6, 2023.
             The game lasted 02:25:57 (32684 turns).

xSliceyx the Warrior (Djinni Air Elementalist)     Turns: 32684, Time: 02:25:58

Health: -1/147     AC:  8    Str: 10    XL:     20   Next: 45%
Gold:   3298       EV: 21    Int: 39    God:    Makhleb [******] SH: 12 Dex: 16

rFire   + . .        V - staff of conjuration
rCold   . . .        t - +0 kite shield {reflect}
rNeg    . . .        z - +0 robe of Aggoel {*Slow rElec Str+3 Int+7}
rPois   ∞            O - +2 hat "Laralilu" {Rampage MP+9 Int+2}
rElec   +            r - +0 cloak {Will+}
rCorr   .            P - +2 pair of gloves
SInv    .            (boots unavailable)
Will    +++..        A - amulet of regeneration
Stlth   +++          s - ring "Lonaiwol" {Ice Slay+3}
HPRegen 1.24/turn    D - +6 ring of intelligence
MPRegen 0.00/turn

%: slow self (1%), reflection, rampage, infuse magic (-2 HP)
@: flying
A: sickness immunity, fire resistance 2, cold vulnerability 1, float, innate
caster, HP casting, extra vitality 1, frail 1
}: 1/15 runes: gossamer
a: Renounce Religion, Minor Destruction, Lesser Servant of Makhleb, Major
Destruction, Greater Servant of Makhleb


You were on level 3 of the Elven Halls.
You worshipped Makhleb.
Makhleb was exalted by your worship.
You visited 6 branches of the dungeon, and saw 30 of its levels.
You also visited: Gauntlet.

You collected 5541 gold pieces.
You spent 2243 gold pieces at shops.

Inventory:

Hand Weapons
 H - the +4 trident of the Tooth {heavy, rCorr}
   (You found it on level 7 of the Dungeon)

   rCorr:     It protects you from acid and corrosion.
Missiles
 a - 5 curare-tipped darts
Armour
 g - a +1 cloak
 o - a +2 robe of cold resistance
 r - a +0 cloak of willpower (worn)
 t - a +0 kite shield of reflection (worn)
 z - the +0 robe of Aggoel (worn) {*Slow rElec Str+3 Int+7}
   (You bought it in a shop on level 1 of the Dungeon)

   Str:       It affects your strength (+3).
   Int:       It affects your intelligence (+7).
   rElec:     It insulates you from electricity.
   *Slow:     It may slow you when you take damage.
 G - the +0 cloak of Stoicism {Str+2 Dex+3}
   (You found it on level 3 of the Elven Halls)

   Str:       It affects your strength (+2).
   Dex:       It affects your dexterity (+3).
 O - the +2 hat "Laralilu" (worn) {Rampage MP+9 Int+2}
   (You found it in a Gauntlet)

   Int:       It affects your intelligence (+2).
   MP:        It affects your magic capacity (+9).
   Rampage:   It bestows one free step when moving towards enemies.
 P - a +2 pair of gloves (worn)
Magical Staves
 Q - the staff of conjuration "Toesy" {*Corrode rPois Str+4}
   (You found it on level 3 of the Elven Halls)

   [staff of conjuration]

   Your inability to study Conjurations prevents you from drawing on the full
   power of this staff in melee.
   Base accuracy: +5 Base damage: 5 Base attack delay: 1.2 This weapon's minimum
   attack delay (0.6) is reached at skill level 12.
   Str:       It affects your strength (+4).
   rPois:     It protects you from poison.
   *Corrode:  It may corrode you when you take damage.
   It falls into the 'Staves' category.
   It is a one-handed weapon.
 R - the staff of cold "Dyomn" {rPois rC+}
   (You found it on level 3 of the Elven Halls)

   [staff of cold]

   Your inability to study Ice Magic prevents you from drawing on the full power
   of this staff in melee.
   Base accuracy: +5 Base damage: 5 Base attack delay: 1.2 This weapon's minimum
   attack delay (0.6) is reached at skill level 12.
   rC:        It protects you from cold.
   rPois:     It protects you from poison.
   It falls into the 'Staves' category.
   It is a one-handed weapon.
 V - a staff of conjuration (weapon)
Jewellery
 h - a ring of resist corrosion
 n - a ring of see invisible
 s - the ring "Lonaiwol" (left hand) {Ice Slay+3}
   (You found it in a Gauntlet)

   [ring of ice]

   It enhances your ice magic.
   Slay:      It affects your accuracy & damage with ranged weapons and melee
   (+3).
   rF:        It makes you vulnerable to fire.
   rC:        It protects you from cold.
 A - an amulet of regeneration (around neck)
 C - the ring of Okawaru's Outrage {rPois rF+}
   (You took it off a minotaur in a Gauntlet)

   [ring of poison resistance]

   rF:        It protects you from fire.
   rPois:     It protects you from poison.
 D - a +6 ring of intelligence (right hand)
Wands
 l - a wand of digging (26)
 m - a wand of charming (26)
 p - a wand of light (28)
 x - a wand of mindburst (6)
 B - a wand of polymorph (6)
 T - a wand of iceblast (1)
 U - a wand of flame (55)
Scrolls
 b - 6 scrolls of identify
 d - a scroll of enchant armour
 e - 2 scrolls of fog
 i - 14 scrolls of teleportation
 j - 8 scrolls of poison
 k - 3 scrolls of blinking
 y - 3 scrolls of magic mapping
 J - 3 scrolls of fear
 K - a scroll of silence
 Z - a scroll of brand weapon
Potions
 c - 5 potions of heal wounds
 f - 16 potions of curing
 q - 2 potions of invisibility
 u - 5 potions of brilliance
 v - 3 potions of lignification
 w - 13 potions of ambrosia
 E - 11 potions of attraction
 F - 9 potions of haste
 I - 10 potions of might
 L - 2 potions of cancellation
 M - 3 potions of berserk rage
Miscellaneous
 S - a phial of floods
 W - a box of beasts
 X - a lightning rod (4/4)


   Skills:
 + Level 20.5 Fighting
 - Level 18.7 Dodging
 - Level 5.0 Stealth
 - Level 12.0 Shields
 - Level 16.5 Spellcasting


You knew the following spells:

 Your Spells              Type           Power      Damage    Failure   Level
a - Shock                 Conj/Air       100%       1d9       0%          1
b - Static Discharge      Conj/Air       100%       2-7/arc   0%          2
c - Swiftness             Air            100%       N/A       0%          3
d - Airstrike             Air            51%        2d(8-24)  1%          4
e - Foxfire               Conj/Fire      100%       2x1d9     0%          1
f - Momentum Strike       Conj/Tloc      100%       3d10      0%          2
g - Hailstorm             Conj/Ice       100%       3d20      0%          3
h - Iskenderun's Mystic   Conj/Tloc      100%       2d19      1%          4
i - Cause Fear            Hex            51%        N/A       1%          4
j - Arcjolt               Conj/Air       63%        1d73      1%          5
k - Statue Form           Tmut/Erth      68%        N/A       1%          6
l - Summon Cactus Giant   Summ           51%        N/A       1%          6
m - Monstrous Menagerie   Summ           51%        N/A       2%          7
Your spell library was empty.

Dungeon Overview and Level Annotations

Branches:
Dungeon (15/15)            Temple (1/1) D:7            Lair (5/5) D:10
 Shoals (0/4) Lair:3       Spider (4/4) Lair:2        Slime (0/5) Lair:4
    Orc (2/2) D:11            Elf (3/3) Orc:2        Vaults (0/5) D:13
 Depths (0/4) D:15        Gauntlet (visited)

Altars:
Dithmenos
Elyvilon
Gozag
Hepliaklqana
Makhleb
Nemelex Xobeh
Okawaru
Trog
Uskayaw
Wu Jian
Xom
Yredelemnul
Zin
The Shining One
Jiyva

Shops:
D:1 [   D:4 (   D:10 ?   Orc:2 :*[(=   Elf:1 [   Elf:3 :*[[

Annotations:
D:5 3 runed translucent doors, Liamsmithers's ghost, novice DsFE
D:8 exclusion: statue
D:15 Irreverend's ghost, journeyman GrEE
Lair:2 1 runed translucent door


Innate Abilities, Weirdness & Mutations

You are immune to sickness and miasma.
You are immune to poison.
Your flesh is very heat resistant. (rF++)
You are vulnerable to cold. (rC-)
You float through the air rather than walking.
You learn spells naturally, not from books.
Your magical power is your life essence.
You have superior vitality. (+4 MHP)
You are frail. (-10% HP)


Message History

A deep elf high priest comes into view. It is wielding a +0 heavy scimitar.
The air twists around and strikes the deep elf high priest!!
The deep elf high priest is heavily wounded.
The deep elf high priest utters a dark prayer and points at you.
Your life force is offered up.
The deep elf high priest is healed.
The air twists around and strikes the deep elf high priest!!
The deep elf high priest is almost dead.
The air twists around and strikes the deep elf high priest!!!
You kill the deep elf high priest!
Makhleb accepts your kill.
You feel better.
A deep elf master archer comes into view.
It is quivering boomerangs of dispersal.
The air twists around and strikes the deep elf master archer.
The deep elf master archer is lightly wounded.
The deep elf master archer wields a +0 longbow.
The deep elf master archer shoots an arrow.
The arrow hits you!
The air twists around and strikes the deep elf master archer.
The deep elf master archer is lightly wounded.
The air twists around and strikes the deep elf master archer.
The deep elf master archer is lightly wounded.
The deep elf master archer shoots an arrow.
The arrow hits you!!
Casting: Airstrike (safe; 1% risk of failure)
Confirm with . or Enter, or press ? or * to list all spells.
You can't see any susceptible monsters within range! (Use Z to cast anyway.)
You are too injured to fight recklessly!
Casting: Airstrike (safe; 1% risk of failure)
Confirm with . or Enter, or press ? or * to list all spells.
Aiming: Airstrike (safe; 1% risk of failure)
Press: ? - help, Dir - move target, f/p - deep elf master archer
Aim: a deep elf master archer, wielding a +0 longbow, wearing +2 swamp dragon scales and quivering boomerangs of dispersal (lightly wounded, empty space bonus: 6/8)
The air twists around and strikes the deep elf master archer!!
The deep elf master archer is heavily wounded.
The deep elf master archer shoots an arrow.
The arrow hits you!!
* * * LOW HITPOINT WARNING * * *
The deep elf master archer shoots an arrow.
The arrow hits you!!!
You die...

.#...#..#[..#..#...#.............
.+...#..#...#..'...#............[
.#...#..#...#..#e..#...##########
.#...#..#...#..#...#...#.........
.#...#..#...#.,#..)#...#.........
.#...'..#...#.,#)..#...#..##'###.
.#...#..'...#,,#.#.#...#..+....#.
.#...#..#...#,,#)#.#...#..#....#.
.#...#..#...#,##@###,,,#..#....#.
)#...#..#...#,#...#*,,,#..#....#.
.#...#..#######8.8#######.#....#.
.#...#........8...8.......######.
.#...######.....∩.....###........
.'........###.8...8.####.........
.#..........###.∩.###..######'###
.#........###.8...8.###..........
.##########.....∩.....###........


You could see a deep elf master archer.

Vanquished Creatures
  Arachne (Spider:3)
  3 deep elf blademasters
  A deep elf master archer (Elf:3)
  Donald (Spider:3)
  4 emperor scorpions
  4 deep elf sorcerers
  7 ghost moths
  2 deep elf elementalists (Elf:3)
  Aizul (Spider:3)
  2 broodmothers
  An orc warlord (Orc:2)
  Nessos (D:12)
  3 spark wasps (Spider:4)
  The ghost of Tinen the Brawler, a journeyman TrMo of Wu Jian (D:12)
  6 deep elf annihilators (Elf:3)
  A minotaur (Gauntlet)
  5 deep elf demonologists
  8 deep elf death magi (Elf:3)
  Snorg (Lair:5)
  A fire dragon (Lair:5)
  3 deep elf high priests (Elf:3)
  4 entropy weavers
  8 vault guards (D:13)
  Fannar (Lair:3)
  Harold (Lair:1)
  6 catoblepae
  A jorogumo (Spider:4)
  2 ice dragons (D:15)
  4 hydras
  5 radroaches
  4 two-headed ogres
  4 centaur warriors
  24 dancing weapons
  3 boulder beetles
  An ogre mage (D:15)
  3 tengu warriors
  10 death yaks
  A deep troll earth mage (Elf:3)
  2 orc high priests (Orc:2)
  Urug (D:12)
  Nergalle (D:11)
  23 deep elf knights
  2 sun demons (D:13)
  A soul eater (D:13)
  A sun moth (Spider:4)
  4 skysharks
  3 pharaoh ants
  A fire crab (shapeshifter) (D:13)
  14 orb spiders
  A swamp dragon (Lair:5)
  4 deep trolls (Elf:3)
  9 deep elf archers
  A wizard (Elf:1)
  23 deep elf zephyrmancers
  2 lindwurms (Lair:5)
  4 orc knights
  10 steelbarb worms
  18 deep elf pyromancers
  5 manticores
  5 orc sorcerers
  8 cyclopes
  25 wolf spiders
  14 ugly things
  A manticore (shapeshifter) (Elf:3)
  An elephant (shapeshifter) (D:15)
  4 moths of wrath
  4 black mambas
  10 elephants
  A gargoyle (D:14)
  A water nymph (Lair:3)
  6 demonic crawlers
  2 orange demons (D:13)
  A cane toad (shapeshifter) (D:15)
  21 cane toads
  6 kobold demonologists
  8 torpor snails
  5 rime drakes (Lair:5)
  A freezing wraith (D:14)
  An efreet (D:14)
  8 komodo dragons
  A komodo dragon (shapeshifter) (D:15)
  2 ice devils (D:13)
  11 trolls
  2 red devils (D:13)
  6 meliai (D:15)
  A troll (shapeshifter) (D:14)
  7 hornets
  5 polar bears
  Grinder (D:3)
  A dream sheep (shapeshifter) (D:13)
  25 tarantellas
  20 blink frogs
  11 dream sheep
  Sigmund (D:2)
  39 jumping spiders
  8 slime creatures
  2 centaur simulacra (D:14)
  31 culicivoras
  An air elemental (Elf:3)
  A ynoxinul (D:13)
  3 wyverns
  5 fire elementals
  A hog (shapeshifter) (D:14)
  24 yaks
  12 basilisks
  A human (Lair:2)
  6 steam dragons
  61 redbacks
  4 vampire mosquitoes
  6 wargs (Orc:2)
  A chaos spawn (D:13)
  An acid dragon (Lair:5)
  Duvessa (D:7)
  16 water moccasins
  3 ice beasts
  19 orc warriors
  A swamp drake (Lair:5)
  2 sky beasts
  22 wolves
  12 ogres
  A boggart (Elf:1)
  A wolf (shapeshifter) (D:14)
  2 phantoms
  4 centaurs
  10 bullfrogs
  10 kobold brigands
  2 gnoll sergeants (D:5)
  3 earth elementals
  3 scorpions
  Dowan (D:7)
  12 killer bees
  8 howler monkeys
  5 hounds
  A gnoll bouda (D:5)
  3 jellies
  19 orc priests
  Jessica (D:3)
  Terence (D:3)
  8 iguanas
  23 orc wizards
  A hell rat (Lair:5)
  Robin (D:2)
  11 gnolls
  6 adders
  4 shadow imps
  3 white imps
  3 ufetubi
  5 worms
  2 dart slugs
  50 orcs
  7 ball pythons
  6 endoplasms
  5 giant cockroaches
  13 goblins
  6 hobgoblins
  4 jackals
  9 kobolds
  4 quokkas
  6 bats
  A frilled lizard (D:1)
  8 rats
1052 creatures vanquished.

Vanquished Creatures (collateral kills)
  A dancing weapon (Elf:1)
  2 deep elf zephyrmancers (Elf:1)
3 creatures vanquished.

Vanquished Creatures (others)
  148 foxfires
148 creatures vanquished.

Grand Total: 1203 creatures vanquished

Notes
Turn   | Place    | Note
-------+----------+-------------------------------------------
     0 | D:1      | xSliceyx the Djinni Air Elementalist began the quest for
                  | the Orb.
     0 | D:1      | xSliceyx set off with the following spells memorised:
                  | Shock, Static Discharge, Swiftness, Airstrike.
     0 | D:1      | Reached XP level 1. HP: 15/15 MP: 0/0
   263 | D:1      | Reached XP level 2. HP: 17/21 MP: 0/0
   366 | D:1      | Found a faded altar of an unknown god.
   419 | D:1      | Found Gitoe's Antique Armour Emporium.
   869 | D:2      | Noticed Sigmund
  1058 | D:2      | Reached XP level 3. HP: 22/25 MP: 0/0
  1058 | D:2      | Learned a level 1 spell: Foxfire
  1145 | D:2      | Killed Sigmund
  1146 | D:2      | Reached XP level 4. HP: 15/31 MP: 0/0
  1146 | D:2      | Reached XP level 5. HP: 17/35 MP: 0/0
  1146 | D:2      | Learned a level 2 spell: Momentum Strike
  1146 | D:2      | Reached XP level 6. HP: 20/40 MP: 0/0
  1662 | D:2      | Noticed Robin
  1679 | D:2      | Killed Robin
  2058 | D:3      | Found a basalt altar of Yredelemnul.
  2098 | D:3      | Noticed Jessica
  2104 | D:3      | Killed Jessica
  2169 | D:3      | Noticed Grinder
  2181 | D:3      | Killed Grinder
  2182 | D:3      | Reached skill level 5 in Dodging
  2182 | D:3      | Reached XP level 7. HP: 36/45 MP: 0/0
  2182 | D:3      | Learned a level 3 spell: Hailstorm
  2256 | D:3      | Noticed Terence
  2262 | D:3      | Killed Terence
  2390 | D:3      | Found a hide-covered altar of Uskayaw.
  3002 | D:4      | Reached XP level 8. HP: 35/50 MP: 0/0
  3252 | D:4      | Found Hisufyf's Antique Weapon Shop.
  3333 | D:1      | Bought a steaming robe for 142 gold pieces
  3333 | D:1      | Identified the +0 robe of Aggoel {*Slow rElec Str+3 Int+7}
                  | (You bought it in a shop on level 1 of the Dungeon)
  3792 | D:5      | Entered Level 5 of the Dungeon
  3809 | D:5      | Found a runed translucent gate.
  3809 | D:5      | Found a runed translucent gate.
  3810 | D:5      | Found a runed translucent gate.
  3814 | D:5      | Noticed Liamsmithers's ghost (novice DsFE)
  3948 | D:5      | Reached skill level 5 in Stealth
  3948 | D:5      | Noticed a wyvern
  3951 | D:5      | Killed a wyvern
  3952 | D:5      | Reached skill level 5 in Spellcasting
  4257 | D:5      | Reached XP level 9. HP: 51/55 MP: 0/0
  4257 | D:5      | Learned a level 4 spell: Iskenderun's Mystic Blast
  5129 | D:6      | Found an iron altar of Okawaru.
  5430 | D:6      | Noticed a moth of wrath
  5432 | D:6      | Found a bloodstained altar of Trog.
  5442 | D:6      | Killed a moth of wrath
  5443 | D:6      | Reached XP level 10. HP: 51/60 MP: 0/0
  5763 | D:7      | Noticed Duvessa
  5767 | D:7      | Killed Duvessa
  5767 | D:7      | Noticed Dowan
  5772 | D:7      | Killed Dowan
  5953 | D:7      | Found a staircase to the Ecumenical Temple.
  5961 | D:7      | Identified the +4 trident of the Tooth {heavy, rCorr}
  5966 | Temple   | Entered the Ecumenical Temple
  6008 | Temple   | Became a worshipper of Makhleb the Destroyer
  6158 | D:8      | Reached skill level 10 in Spellcasting
  7118 | D:9      | Found an opulent altar of Gozag.
  7576 | D:10     | Entered Level 10 of the Dungeon
  7604 | D:10     | Noticed a seven-headed hydra
  7609 | D:10     | Killed a seven-headed hydra
  7610 | D:10     | Reached XP level 11. HP: 51/65 MP: 0/0
  7610 | D:10     | Learned a level 4 spell: Cause Fear
  7730 | D:10     | Reached * piety under Makhleb
  7773 | D:10     | Noticed an elephant
  7774 | D:10     | Noticed a death yak
  7920 | D:10     | Found a staircase to the Lair.
  7947 | D:10     | Killed a death yak
  8238 | D:10     | Killed an elephant
  8294 | D:10     | Found Yniad's Magic Scroll Emporium.
  8315 | D:10     | Bought a scroll of identify for 30 gold pieces
  8315 | D:10     | Bought a scroll of identify for 30 gold pieces
  8428 | D:11     | Reached skill level 1 in Fighting
  8460 | D:11     | Found a staircase to the Orcish Mines.
  8492 | D:11     | Noticed a cyclops
  8499 | D:11     | Killed a cyclops
  8500 | D:11     | Reached skill level 3 in Fighting
  8566 | D:11     | Noticed Nergalle
  8588 | D:11     | Killed Nergalle
  8589 | D:11     | Reached skill level 5 in Fighting
  8734 | D:11     | Reached skill level 6 in Fighting
  8805 | D:11     | Reached ** piety under Makhleb
  8806 | D:11     | Reached skill level 7 in Fighting
  9152 | D:11     | Noticed a manticore
  9157 | D:11     | Killed a manticore
  9158 | D:11     | Reached skill level 8 in Fighting
  9357 | D:12     | Noticed a white ugly thing
  9547 | Lair:1   | Entered Level 1 of the Lair of Beasts
  9586 | Lair:1   | Reached XP level 12. HP: 73/88 MP: 0/0
  9603 | Lair:1   | Found a gate leading to a gauntlet.
  9612 | Gauntlet | Entered a Gauntlet
  9612 | Gauntlet | Found a transporter.
  9612 | Gauntlet | Found a transporter.
  9625 | Gauntlet | Found a transporter.
  9625 | Gauntlet | Noticed a catoblepas
  9643 | Gauntlet | Found a transporter.
  9643 | Gauntlet | Found a transporter.
  9643 | Gauntlet | Found a transporter.
  9646 | Gauntlet | Found a transporter.
  9646 | Gauntlet | Found a transporter.
  9661 | Gauntlet | Found a transporter.
  9664 | Gauntlet | Noticed a blizzard demon
  9677 | Gauntlet | Found a transporter.
  9686 | Gauntlet | Found a runed translucent gate.
  9687 | Gauntlet | Found a transporter.
  9687 | Gauntlet | Found a runed translucent gate.
  9688 | Gauntlet | Found a runed translucent gate.
  9702 | Gauntlet | Found a transporter.
  9722 | Gauntlet | Found a transporter.
  9735 | Gauntlet | Found a transporter.
  9770 | Gauntlet | Reached skill level 9 in Fighting
  9773 | Gauntlet | Reached skill level 10 in Fighting
  9792 | Gauntlet | Found a transporter.
  9793 | Gauntlet | Identified the +2 hat "Laralilu" {Rampage MP+9 Int+2}
  9818 | Gauntlet | Found a transporter.
  9841 | Gauntlet | Found a transporter.
  9843 | Gauntlet | Found a transporter.
  9843 | Gauntlet | Found a transporter.
  9949 | Gauntlet | Found a transporter.
  9950 | Gauntlet | Identified the ring "Lonaiwol" {Ice Slay+3}
  9959 | Gauntlet | Found a transporter.
 10010 | Gauntlet | Identified the +7 shortbow of Anger {drain, Stlth+}
 10010 | Gauntlet | Identified the ring of Okawaru's Outrage {rPois rF+}
 10010 | Gauntlet | Noticed a minotaur
 10021 | Gauntlet | Killed a minotaur
 10022 | Gauntlet | Reached skill level 11 in Fighting
 10160 | Lair:1   | Reached skill level 12 in Fighting
 10281 | Lair:1   | Reached skill level 13 in Fighting
 10569 | Lair:1   | Reached *** piety under Makhleb
 10582 | Lair:1   | Noticed Harold
 10586 | Lair:1   | Killed Harold
 10587 | Lair:1   | Reached skill level 14 in Fighting
 11090 | Lair:1   | Reached XP level 13. HP: 100/106 MP: 0/0
 11090 | Lair:1   | Learned a level 5 spell: Arcjolt
 11518 | Lair:2   | Found a runed translucent door.
 11568 | Lair:2   | Reached skill level 15 in Fighting
 11872 | Lair:2   | Found a hole to the Spider Nest.
 11916 | Lair:2   | Noticed a catoblepas
 11921 | Lair:2   | Reached skill level 16 in Fighting
 11932 | Lair:2   | Killed a catoblepas
 12083 | Lair:2   | Identified the +0 chain mail of Duty {rN+ Regen+ Dex-5}
 12517 | Lair:2   | Noticed a reaper
 12657 | Lair:3   | Reached **** piety under Makhleb
 12658 | Lair:3   | Reached skill level 1 in Shields
 12833 | Lair:3   | Noticed Fannar
 12842 | Lair:3   | Killed Fannar
 13038 | Lair:3   | Reached skill level 5 in Shields
 13079 | Lair:3   | Found a staircase to the Shoals.
 13643 | Lair:4   | Reached XP level 14. HP: 104/117 MP: 0/0
 13822 | Lair:4   | Reached ***** piety under Makhleb
 13945 | Lair:4   | Found a viscous altar of Jiyva.
 13945 | Lair:4   | Found a staircase to the Slime Pits.
 14225 | Lair:4   | Reached skill level 10 in Dodging
 14752 | Lair:5   | Entered Level 5 of the Lair of Beasts
 15172 | Lair:5   | Noticed Snorg
 15177 | Lair:5   | Killed Snorg
 15725 | Lair:5   | Reached XP level 15. HP: 122/122 MP: 0/0
 15725 | Lair:5   | Learned a level 6 spell: Statue Form
 16186 | Lair:5   | Reached skill level 15 in Dodging
 16496 | Orc:1    | Entered Level 1 of the Orcish Mines
 16687 | Orc:2    | Entered Level 2 of the Orcish Mines
 16748 | Orc:1    | Reached ****** piety under Makhleb
 17263 | Orc:2    | Found a staircase to the Elven Halls.
 17346 | Orc:2    | Noticed an orc warlord
 17359 | Orc:2    | Killed an orc warlord
 17394 | Orc:2    | Found Waost's General Store.
 17643 | Orc:2    | Found Sifotz's Book Shop.
 17697 | Orc:2    | Found Deorhail's Jewellery Emporium.
 17712 | Orc:2    | Found Xeel's Antique Weapon Emporium.
 17727 | Orc:2    | Found Soank's Antique Armour Emporium.
 17897 | Orc:2    | Bought the ring "Wysaell" {*Slow Will+ Str+4 Dex+4} for 777
                  | gold pieces
 17913 | Orc:2    | Bought a potion of invisibility for 96 gold pieces
 17913 | Orc:2    | Bought a potion of curing for 36 gold pieces
 17913 | Orc:2    | Bought a scroll of identify for 24 gold pieces
 18031 | D:10     | Bought a scroll of acquirement for 780 gold pieces
 18031 | D:10     | Bought a scroll of teleportation for 45 gold pieces
 18031 | D:10     | Acquired 1085 gold pieces
 18133 | D:12     | Noticed Nessos
 18138 | D:12     | Killed Nessos
 18556 | D:12     | Found a runed translucent gate.
 18557 | D:12     | Found a runed translucent gate.
 18557 | D:12     | Found a runed translucent gate.
 18557 | D:12     | Noticed Tinen's ghost (journeyman TrMo)
 18635 | D:12     | Noticed Urug
 18642 | D:12     | Killed Urug
 18817 | D:12     | Killed Tinen's ghost
 18948 | D:13     | Reached XP level 16. HP: 89/129 MP: 0/0
 19215 | D:13     | Found a gate to the Vaults.
 21134 | D:15     | Entered Level 15 of the Dungeon
 21577 | D:15     | Reached XP level 17. HP: 102/134 MP: 0/0
 21577 | D:15     | Learned a level 6 spell: Summon Cactus Giant
 21813 | D:15     | Found a runed translucent door.
 21813 | D:15     | Noticed Irreverend's ghost (journeyman GrEE)
 22047 | D:15     | Found a staircase to the Depths.
 22455 | D:15     | Found the +8 autumn katana {manifold assault}
 23006 | Spider:1 | Entered Level 1 of the Spider Nest
 23607 | Spider:1 | Reached skill level 15 in Spellcasting
 25378 | Spider:3 | Noticed Arachne
 25395 | Spider:3 | Killed Arachne
 25396 | Spider:3 | Reached XP level 18. HP: 130/140 MP: 0/0
 25706 | Spider:3 | Noticed Donald
 25711 | Spider:3 | Killed Donald
 25886 | Spider:3 | Acquired 406 gold pieces
 25889 | Spider:3 | Noticed Aizul
 25897 | Spider:3 | Killed Aizul
 26584 | Spider:4 | Entered Level 4 of the Spider Nest
 27291 | Spider:4 | Reached skill level 10 in Shields
 28114 | Spider:4 | Identified the +0 pair of gloves of Igri {Str+7 Dex-2}
 28134 | Spider:4 | Got a gossamer rune of Zot
 28467 | Elf:1    | Entered Level 1 of the Elven Halls
 28534 | Elf:1    | You are sucked into a shaft and drop 1 floor!
 28543 | Elf:2    | Noticed a deep elf blademaster
 28549 | Elf:2    | Reached XP level 19. HP: 112/146 MP: 0/0
 28549 | Elf:2    | Learned a level 7 spell: Monstrous Menagerie
 28623 | Elf:2    | Gained mutation: You are frail. (-10% HP) [a neqoxec]
 28624 | Elf:2    | Noticed a Hell Sentinel
 28971 | Elf:2    | Found a runed translucent gate.
 28972 | Elf:2    | Found a runed translucent gate.
 28972 | Elf:2    | Found a runed translucent gate.
 29195 | Elf:2    | Reached skill level 17 in Fighting
 29393 | Elf:1    | Found Fabolug's Armour Boutique.
 30063 | Elf:2    | Reached skill level 18 in Fighting
 30201 | Elf:2    | Killed a deep elf blademaster
 30516 | Elf:3    | Entered Level 3 of the Elven Halls
 30580 | Elf:3    | Found Dojothipt's Book Boutique.
 30580 | Elf:3    | Found Plog's Assorted Antiques.
 30584 | Elf:3    | Found Pejidaps's Antique Armour Boutique.
 30590 | Elf:3    | Bought a potion of curing for 99 gold pieces
 30882 | Elf:3    | Found Nib Yli's Armour Shoppe.
 30892 | Elf:3    | Bought a +0 cloak of willpower for 184 gold pieces
 31119 | Elf:3    | Reached skill level 19 in Fighting
 31390 | Elf:3    | Reached XP level 20. HP: 98/144 MP: 0/0
 31528 | Elf:3    | Identified the +7 long sword of the Heavens {heavy, *Slow
                  | rPois Int+6}
 31856 | Elf:3    | Identified the +4 arbalest "Bezuinn" {heavy, rCorr Dex+2}
 31896 | Elf:3    | Identified the +0 cloak of Stoicism {Str+2 Dex+3}
 31964 | Elf:3    | Reached skill level 20 in Fighting
 32151 | Elf:3    | Identified the staff of conjuration "Toesy" {*Corrode rPois
                  | Str+4}
 32212 | Elf:3    | Identified the staff of cold "Dyomn" {rPois rC+}
 32684 | Elf:3    | Shot with an arrow by a deep elf master archer

Illustrated notes

Levels and vault maps discovered:
D:1:      heliophobic_arrival_dark_side_of_the_moon, layout_basic, serial_shops,
          shop, chequers_ecumenical_altar_simple_redux
D:2:      layout_rooms, serial_curves, eino_curves_02, eino_curves_01,
          amethyst_killhole, nicolae_concentric_dashed_squares_wild,
          kennysheep_generic_room_4, uniq_sigmund, uniq_robin
D:3:      layout_basic, mainiacjoe_overflow_24_doors, lemuel_doored_altar,
          uniq_grinder, uniq_terence, uniq_jessica
D:4:      layout_cave_pools, serial_shops, shop, grunt_decor_resistance,
          minmay_manual_macuahuitl
D:5:      minmay_thick_lines, layout_basic, gammafunk_ghost_split,
          hangedman_decor_opposing, minmay_misc_feat_secret_circle
D:6:      layout_cave_pools, mainiacjoe_overflow_concentric_impassable, tgw_trog
D:7:      layout_basic, minmay_temple_entry_offerings, uniq_duvessa
D:8:      layout_basic, vehumet_statue, chequers_serial_rivers_micro_a
D:9:      layout_loops_ring, nicolae_gozag_seed_capital
D:10:     layout_roguey, david_lair_generic, kennysheep_windowed_goal
D:11:     layout_loops_ring, orc_0_dummy, uniq_nergalle
D:12:     layout_loops_ring, gammafunk_ghost_nasty_kobolds,
          lemuel_nasty_fountain, uniq_urug, uniq_nessos
D:13:     layout_layer_cave, erik_vaults_2, serial_demonic, serial_demonic_f,
          serial_demonic_c, serial_demonic_g, serial_demonic_a,
          serial_demonic_c, serial_demonic_a
D:14:     minmay_the_grid_octo_tiled_octocenter_mashed
          [minmay_the_grid_octo_fat_diamond, minmay_the_grid_octo_concentric,
          minmay_the_grid_octo_odd_swirl, minmay_the_grid_octo_tetromino_candy,
          minmay_the_grid_octo_prize_big_c,
          minmay_the_grid_square_5x5_almost_minimal,
          minmay_the_grid_square_5x5_misaligned,
          minmay_the_grid_square_5x5_beaten_path,
          minmay_the_grid_square_5x5_inner_z], layout_rooms,
          chequers_decorated_corner
D:15:     grunt_enter_depths_hoard, layout_basic, ebering_ghost_inner_flame
Temple:   nicolae_temple_bog_church
Lair:1:   layout_hall_layers, gauntlet_entry_generic,
          pdpol_lair_neglected_garden, infiniplex_staircase_pool_2,
          grunt_megastairs_2, uniq_harold
Lair:2:   layout_regular_city, nicolae_spider_entry_tight_spaces,
          pdpol_lair_cabin_in_the_woods, serial_bayou_shore_a
Lair:3:   layout_roguey, nicolae_shoals_entry_flooding, lemuel_fruit_tree,
          uniq_fannar
Lair:4:   layout_regular_city, slime_entry_1, grunt_megastairs_4
Lair:5:   hangedman_lair_in_review, layout_regular_city,
          guppyfry_lair_end_dragon, uniq_snorg
Spider:1: nicolae_spider_mines_3, hangedman_spider_tarantella_strand
Spider:2: layout_spider_delve
Spider:3: layout_chambers, uniq_donald, uniq_arachne, uniq_aizul
Spider:4: spider_rune_water, drop_trap
Orc:1:    layout_caves, nicolae_orc_sculptors_studio
Orc:2:    grunt_orc_cross, layout_caves, serial_shops,
          nicolae_shop_tiny_real_fake_doors, basic_altar
Elf:1:    layout_geoelf_octagon, serial_shops, shop, hangedman_elf_disciples,
          elves_outpost_lemuel
Elf:2:    nicolae_elf_blades_crystal_corner, layout_rooms, lemuel_upstairs_altar
Elf:3:    grunt_elf_hall_branching, layout_onion_city, serial_shops, shop,
          nicolae_elf_deep_friendship, minmay_shop_star

Skill      XL: |  1  2  3  4  5  6  7  8  9 10 11 12 13 14 15 16 17 18 19 20 |
---------------+-------------------------------------------------------------+-----
Stealth        | 2 3 4 5 |  5.0
Dodging        | 4 5 7 13 17 18 | 18.7
Spellcasting   | 3 4 6 8 11 12 14 16 | 16.5
Fighting       | 8 14 16 19 20 | 20.5
Shields        | 5 11 12 | 12.0

Action                     |  1- 3 |  4- 6 |  7- 9 | 10-12 | 13-15 | 16-18 | 19-21 || total
---------------------------+-------+-------+-------+-------+-------+-------+-------++-------
  Melee: Hand axe          |     3 |       |       |       |       |       |       ||     3
         Halberd           |       |     4 |       |       |       |       |       ||     4
         Trident           |       |       |       |     3 |       |       |       ||     3
         Staff             |       |       |       |       |     2 |     2 |     2 ||     6
   Cast: Shock             |    43 |    68 |   149 |   113 |     9 |       |       ||   382
         Static Discharge  |     3 |       |    17 |    60 |     9 |     5 |       ||    94
         Foxfire           |     7 |    13 |    37 |    18 |       |    10 |       ||    85
         Momentum Strike   |       |     2 |     5 |     8 |       |     1 |       ||    16
         Hailstorm         |       |       |    12 |    27 |    24 |     5 |       ||    68
         Airstrike         |       |       |    15 |   102 |   522 |   685 |   356 ||  1680
         Swiftness         |       |       |     2 |     3 |     4 |     5 |     1 ||    15
         Iskenderun's Myst |       |       |     3 |    15 |     8 |     9 |    10 ||    45
         Cause Fear        |       |       |       |     1 |     1 |     3 |     1 ||     6
         Arcjolt           |       |       |       |       |    47 |   186 |    33 ||   266
         Statue Form       |       |       |       |       |     5 |    18 |     3 ||    26
         Summon Cactus Gia |       |       |       |       |       |     1 |       ||     1
         Monstrous Menager |       |       |       |       |       |       |     6 ||     6
  Evoke: Box of beasts     |       |       |       |       |     1 |       |       ||     1
    Use: Scroll            |       |       |     3 |    17 |    10 |     9 |     2 ||    41
         Potion            |       |       |       |     6 |       |     3 |     1 ||    10
 Armour: Robe              |       |     5 |     5 |    24 |    21 |    38 |     2 ||    95
         Skin              |       |       |       |    11 |    13 |   157 |    19 ||   200
  Dodge: Dodged            |     3 |     8 |    30 |    79 |    77 |   351 |    85 ||   633
  Block: Buckler           |       |       |       |       |    34 |   145 |       ||   179
         Kite shield       |       |       |       |       |       |     2 |    52 ||    54
         Reflection        |       |       |       |       |       |       |    15 ||    15
